Map: Eternal Empire LE

Players

PartinG

  • Race: Protoss Protoss
  • Spawn Location: 1:00

Dear - Winner!

  • Race: Protoss Protoss
  • Spawn Location: 7:00

Event: IEM Katowice 2020

VOD

Have the link to the VOD?

Description

Time

  • Played on: Feb. 27, 2020, 8:44 a.m.
  • Length: 10:38

All games in this series

Show
View Real Time Build Order
Export as new Build Order

PartinG Protoss 

Build Orders: Blink Stalkers, Zealot Archon 

Get SALT Encoding   

  12  0:00  Probe  
  13  0:12  Probe  
  14  0:17  Pylon  
  14  0:24  Probe (Chrono Boost)  
  15  0:36  Gateway  
  15  0:37  Probe (Chrono Boost)  
  16  0:44  Probe (Chrono Boost)  
  16  0:45  Assimilator  
  17  0:51  Probe  
  17  0:54  Assimilator  
  18  1:03  Probe (Chrono Boost)  
  19  1:06  Gateway  
  19  1:12  Probe (Chrono Boost)  
  19  1:17  Probe (Chrono Boost)  
  21  1:26  Cybernetics Core  
  21  1:29  Probe  
  22  1:35  Pylon  
  22  1:41  Probe  
  23  1:53  Probe  
  24  2:02  Stalker x2  
  24  2:03  Warp Gate  
  24  2:06  Probe  
  29  2:13  Pylon  
  29  2:24  Shield Battery  
  29  2:37  Sentry x2  
  32  2:45  Twilight Council  
  32  2:55  Nexus  
  32  3:03  Shield Battery  
  32  3:09  Probe  
  35  3:16  Blink (Chrono Boost)  
  33  3:23  Probe  
  34  3:30  Shield Battery  
  34  3:35  Probe  
  34  3:38  Shield Battery  
  35  3:47  Probe  
  36  3:52  Pylon, Stalker  
  38  3:59  Probe  
  38  4:01  Forge  
  39  4:03  Shield Battery  
  40  4:12  Stalker  
  37  4:21  Stalker  
  33  4:37  Stalker  
  33  4:38  Probe (Chrono Boost)  
  36  4:40  Probe (Chrono Boost)  
  36  4:48  Protoss Ground Weapons Level 1 (Chrono Boost)  
  36  4:50  Probe (Chrono Boost)  
  38  4:54  Probe (Chrono Boost)  
  38  4:55  Probe (Chrono Boost)  
  38  4:58  Sentry  
  41  5:02  Probe  
  41  5:05  Probe  
  43  5:14  Probe (Chrono Boost)  
  43  5:17  Probe (Chrono Boost)  
  43  5:19  Phoenix  
  45  5:22  Pylon  
  45  5:25  Probe (Chrono Boost)  
  45  5:27  Probe (Chrono Boost)  
  47  5:28  Gateway  
  47  5:30  Probe (Chrono Boost)  
  48  5:41  Probe, Stalker x2  
  48  5:42  Probe  
  54  5:50  Pylon  
  54  5:55  Probe x2  
  56  6:02  Assimilator, Robotics Facility  
  56  6:03  Assimilator  
  56  6:05  Charge (Chrono Boost)  
  56  6:09  Probe x2  
  58  6:23  Gateway x2  
  58  6:28  Zealot x3  
  58  6:31  Probe x2  
  66  6:43  Gateway, Templar Archives  
  66  6:47  Probe x2  
  66  6:49  Protoss Ground Weapons Level 2 (Chrono Boost)  
  66  6:51  Pylon, Observer  
  67  7:11  Probe x2  
  67  7:12  Warp Prism  
  71  7:20  High Templar x2  
  75  7:25  Nexus  
  75  7:29  Archon  
  75  7:37  Zealot x3  
  75  7:38  Zealot  
  83  7:48  Pylon  
  83  7:49  Pylon  
  83  8:05  Photon Cannon  
  83  8:07  Observer  
  83  8:08  Gateway  
  83  8:10  Pylon, High Templar  
  83  8:11  High Templar  
  83  8:12  Gateway  
  88  8:15  Archon  
  88  8:16  Zealot x2  
  92  8:24  High Templar  
  94  8:28  High Templar  
  94  8:33  Archon  
  96  8:35  Probe x2  
  96  8:38  Probe  
  96  8:40  Shield Battery  
  99  8:42  Zealot x2  
  99  8:43  Zealot x2  
  107  8:51  Photon Cannon  
  107  9:01  Assimilator  
  107  9:02  Assimilator  
  107  9:05  Probe x2  
  109  9:15  Robotics Bay  
  109  9:16  Robotics Facility  
  109  9:18  Immortal (Chrono Boost)  
  109  9:23  Probe x2  
  115  9:28  Probe  
  116  9:35  Probe  
  115  9:41  Observer  
  115  9:45  Pylon  
  115  9:46  Pylon x2  
  115  9:47  Photon Cannon  
  115  9:48  Probe, Pylon  
  116  9:58  Zealot  
  116  10:04  High Templar x4  
  116  10:05  Zealot x3  
  130  10:08  Archon  
  130  10:09  Archon  
  117  10:28  Zealot x4  
Show
View Real Time Build Order
Export as new Build Order

Dear Protoss - Winner!

Build Orders: Archon Immortal 

Get SALT Encoding   

  12  0:00  Probe  
  13  0:12  Probe  
  14  0:18  Pylon  
  14  0:25  Probe (Chrono Boost)  
  15  0:37  Probe (Chrono Boost), Gateway  
  16  0:45  Probe (Chrono Boost)  
  16  0:46  Assimilator  
  17  0:51  Probe  
  17  0:54  Assimilator  
  18  1:03  Probe (Chrono Boost)  
  19  1:07  Gateway  
  19  1:13  Probe (Chrono Boost)  
  19  1:18  Probe (Chrono Boost)  
  20  1:24  Cybernetics Core  
  21  1:29  Probe  
  22  1:35  Pylon  
  22  1:41  Probe  
  23  1:55  Probe  
  23  2:00  Pylon  
  23  2:01  Adept  
  26  2:03  Adept  
  26  2:06  Warp Gate  
  28  2:14  Pylon  
  28  2:16  Probe  
  29  2:31  Stalker  
  29  2:33  Stalker  
  32  2:51  Shield Battery  
  32  3:02  Sentry  
  32  3:03  Sentry  
  35  3:12  Nexus  
  35  3:16  Probe (Chrono Boost)  
  36  3:28  Probe (Chrono Boost)  
  36  3:32  Robotics Facility  
  37  3:35  Probe (Chrono Boost)  
  38  3:42  Probe (Chrono Boost)  
  39  3:54  Probe (Chrono Boost), Adept x2  
  44  4:01  Probe (Chrono Boost), Forge  
  45  4:13  Probe  
  46  4:22  Observer  
  47  4:25  Probe  
  48  4:36  Protoss Ground Weapons Level 1  
  48  4:37  Probe (Chrono Boost)  
  42  4:38  Probe (Chrono Boost)  
  42  4:45  Immortal  
  47  4:46  Probe (Chrono Boost)  
  47  4:48  Probe (Chrono Boost)  
  47  4:51  Probe (Chrono Boost), Pylon  
  48  4:56  Probe  
  50  5:03  Probe  
  50  5:04  Assimilator  
  51  5:08  Probe, Assimilator  
  51  5:10  Twilight Council  
  52  5:16  Stalker x2  
  52  5:18  Probe  
  52  5:20  Probe  
  58  5:25  Pylon  
  58  5:27  Phoenix  
  58  5:29  Immortal (Chrono Boost)  
  62  5:42  Shield Battery  
  62  5:43  Probe x2  
  62  5:47  Charge, Pylon  
  64  5:55  Probe x2  
  66  5:58  Gateway  
  66  6:01  Immortal (Chrono Boost)  
  70  6:11  Stalker  
  72  6:14  Stalker  
  74  6:20  Pylon  
  74  6:30  Warp Prism (Chrono Boost)  
  76  6:36  Protoss Ground Weapons Level 2 (Chrono Boost)  
  76  6:38  Templar Archives  
  76  6:42  Gateway  
  76  6:58  Nexus  
  76  7:02  Immortal  
  78  7:12  Gateway x2  
  78  7:17  Pylon  
  78  7:23  Gateway  
  78  7:25  Gateway  
  78  7:31  Zealot x2  
  78  7:36  Pylon  
  83  7:37  Probe x2  
  83  7:42  High Templar x2  
  83  7:44  Pylon  
  88  7:49  Probe x2  
  88  7:50  Archon  
  86  7:54  High Templar x2  
  86  7:58  Archon  
  90  7:59  Pylon  
  90  8:01  Probe x2  
  92  8:06  High Templar  
  92  8:07  High Templar  
  92  8:10  Photon Cannon  
  92  8:11  Archon  
  92  8:12  Probe  
  97  8:13  Probe x2  
  97  8:19  High Templar x2  
  103  8:20  Zealot  
  103  8:21  Pylon  
  103  8:24  Archon  
  105  8:27  Shield Battery  
  105  8:28  Zealot x2  
  109  8:35  Zealot  
  109  8:39  Assimilator x2  
  111  8:42  Probe  
  111  8:43  Probe x2  
  111  8:48  High Templar x2  
  118  8:49  Zealot x2  
  118  8:52  Archon  
  118  8:54  Zealot  
  118  8:55  Probe x2  
  126  8:57  Observer  
  126  9:03  Stalker x3  
  131  9:14  High Templar  
  131  9:15  Zealot  
  135  9:17  Pylon  
  135  9:20  High Templar  
  135  9:23  Photon Cannon  
  137  9:24  Archon  
  137  9:28  Zealot x2  
  141  9:40  Pylon  
  141  9:41  Pylon  
  141  9:43  Pylon  
  141  10:00  Pylon, Zealot x8  
  141  10:06  Photon Cannon  
  153  10:23  Zealot x5  
  153  10:24  Zealot x2  
  139  10:28  Zealot  

Tags
 
Add a new tag
Caveats
  • Supply blocks, unpowered buildings, or Contaminate may cause inaccurate times.
  • Supply counts are checked every 10 seconds.